 Dungeon Crawl Stone Soup version 0.31-a0-640-g39d97e502b (webtiles) character file.

Game seed: 17814563289047729940

807 qw the Shooter (level 7, 0/43 HPs)
             Began as a Gargoyle Hunter on Aug 27, 2023.
             Killed by divine providence
             ... invoked by an orc priest
              (16 damage)
             ... on level 6 of the Dungeon.
             The game lasted 00:01:27 (4257 turns).

qw the Shooter (Gargoyle Hunter)                    Turns: 4257, Time: 00:01:27

Health: 0/43       AC: 11    Str: 15    XL:     7   Next: 92%
Magic:  7/7        EV: 12    Int:  9    God:
Gold:   243        SH:  0    Dex: 21    Spells: 6/6 levels left

rFire   . . .        Y - +0 shortbow
rCold   . . .        (shield currently unavailable)
rNeg    + . .        d - +0 ring mail
rPois   inf          (no helmet)
rElec   +            (no cloak)
rCorr   .            (no gloves)
SInv    .            n - +0 pair of boots
Will    .....        l - amulet of faith
Stlth   +            m - +6 ring of dexterity
HPRegen 0.27/turn    b - +4 ring of slaying {mikee}
MPRegen 0.10/turn

%: faith
@: weakened
A: sickness immunity, AC +4, negative energy resistance 1, electricity
resistance, torment resistance 1, petrification resistance
a: no special abilities


You were on level 6 of the Dungeon.
You visited 1 branch of the dungeon, and saw 6 of its levels.

You collected 243 gold pieces.


Innate Abilities, Weirdness & Mutations

You are immune to sickness and miasma.
Your stone body is resilient. (AC +4)
You are immune to poison.
You resist negative energy. (rN+)
You are resistant to electric shocks. (rElec)
You are resistant to unholy torment.
You are immune to petrification.


   Skills:
 - Level 4.1 Fighting
 + Level 7.6 Ranged Weapons
 - Level 2.3 Armour
 - Level 3.4 Dodging
 - Level 1.1 Stealth


You had 6 spell levels left.
You didn't know any spells.
Your spell library was empty.

Inventory:

Hand Weapons
 Y - a +0 shortbow (weapon)
Armour
 d - a +0 ring mail (worn)
 n - a +0 pair of boots (worn)
Jewellery
 b - a +4 ring of slaying (right hand) {mikee}
 l - an amulet of faith (around neck)
 m - a +6 ring of dexterity (left hand)
Scrolls
 c - a scroll of silence {unknown}
 g - 4 scrolls of teleportation
 k - a scroll of identify
Potions
 a - 3 potions of might
 e - a potion of resistance {unknown}
 f - a potion of haste
 h - a potion of enlightenment {unknown}
 i - a potion of curing {unknown}
 j - a potion of magic {unknown}
 o - a potion of heal wounds {unknown}

Dungeon Overview and Level Annotations

Branches:
Dungeon (6/15)
 Temple: D:4-7

Altars:
Ashenzari
Dithmenos
Fedhas
Nemelex Xobeh
Trog

Annotations:
D:6 1 runed translucent door


Message History

You shoot an arrow.
The arrow hits the gnoll bouda but does no damage.
The gnoll bouda is moderately wounded.
You hear the slow hiss of a distant avalanche of sand.
You hear the slow rusting of a drain very nearby.
The gnoll bouda hits you but does no damage.
The gnoll bouda closely misses you.
You shoot an arrow.
The arrow barely misses the gnoll bouda.
The arrow hits the orc wizard but does no damage.
The gnoll bouda closely misses you.
You shoot an arrow.
The arrow completely misses the gnoll bouda.
The arrow hits the orc wizard.
The orc wizard is heavily wounded.
The gnoll is no longer moving quickly.
The gnoll bouda hits you with a +0 whip!
You shoot an arrow. The arrow hits the gnoll bouda.
The gnoll bouda is heavily wounded.
The gnoll bouda misses you.
You shoot an arrow. The arrow hits the gnoll bouda.
The gnoll bouda is severely wounded.
The gnoll bouda barks out a call to the hunt!
The gnoll picks up the pace!
You shoot an arrow. The arrow hits the gnoll bouda.
The gnoll bouda is almost dead.
The gnoll bouda hits you with a +0 whip.
You shoot an arrow. The arrow hits the gnoll bouda.
The gnoll bouda is almost dead.
The gnoll bouda gazes fiercely through you!
You feel your attacks grow feeble.
The gnoll bouda hits you with a +0 whip.
The orc priest calls upon Beogh to heal the orc wizard.
The orc wizard is healed somewhat.
You hear a shout!
You shoot an arrow. The arrow hits the gnoll bouda.
You kill the gnoll bouda!
The orc priest invokes the aid of Beogh against you.
Beogh smites you!
You die...

.o .g .o g#
#.# .g# ####o#
##.@o.#
#..#### #.##
#.# ##.##
#...##
########....##
...^.........#
########.....#


You could see an orc priest, an orc wizard and a gnoll (swift).

Vanquished Creatures
  Sigmund (D:4)
  Menkaure (D:5)
  An ogre (D:5)
  A centaur (D:5)
  A hound (D:5)
  2 orc priests
  A gnoll bouda (D:6)
  Ijyb (D:4)
  An iguana (D:4)
  An orc wizard (D:5)
  3 gnolls (D:2)
  6 adders
  A shadow imp (D:5)
  2 ufetubi (D:5)
  3 worms
  7 dart slugs
  6 orcs (D:5)
  A ball python (D:3)
  8 bats
  7 endoplasms
  5 giant cockroaches
  4 goblins
  11 hobgoblins
  6 jackals
  6 kobolds
  4 quokkas
  A frilled lizard (D:1)
  6 rats
98 creatures vanquished.

Notes
Turn   | Place    | Note
-------+----------+-------------------------------------------
     0 | D:1      | qw the Gargoyle Hunter began the quest for the Orb.
     0 | D:1      | Reached XP level 1. HP: 12/12 MP: 1/1
     0 | D:1      | 0 ||| qw: Version: 0.3-a-74-g0d5e918
     0 | D:1      | 0 ||| qw: Game counter: 146
     0 | D:1      | 0 ||| qw: Melee chars always use a shield: true
     0 | D:1      | 0 ||| qw: God list: Okawaru
     0 | D:1      | 0 ||| qw: Allow faded altars: false
     0 | D:1      | 0 ||| qw: Do Orc after clearing Dungeon:15 true
     0 | D:1      | 0 ||| qw: Do second Lair branch before Depths: true
     0 | D:1      | 0 ||| qw: Lair rune preference: random
     0 | D:1      | 0 ||| qw: Goals: Normal
     0 | D:1      | 0 ||| PLANNING D:1-11
   115 | D:1      | Reached XP level 2. HP: 17/17 MP: 2/2
   341 | D:1      | Reached XP level 3. HP: 14/21 MP: 3/3
   384 | D:1      | Reached skill level 5 in Ranged Weapons
   697 | D:1      | 697 ||| UPGRADING to +4 ring of slaying {mikee}.
   698 | D:1      | 698 ||| DROPPING scroll of butterflies.
   982 | D:2      | 982 ||| RETREATING.
   986 | D:2      | Reached skill level 3 in Fighting
   986 | D:2      | Reached XP level 4. HP: 28/28 MP: 4/4
  1323 | D:2      | 1323 ||| FLEEEEING.
  1392 | D:2      | 1392 ||| DROPPING amulet of magic regeneration.
  1393 | D:2      | 1393 ||| DROPPING +6 ring of intelligence.
  1394 | D:2      | 1394 ||| READING scroll labelled LUMPEARU JAPSADIWK.
  1399 | D:2      | 1399 ||| READING scroll labelled UCECLO ZAUNIC.
  1610 | D:3      | Reached XP level 5. HP: 31/32 MP: 5/5
  1721 | D:3      | Found a faded altar of an unknown god.
  2187 | D:3      | Reached skill level 6 in Ranged Weapons
  2325 | D:3      | 2325 ||| UPGRADING to amulet of faith.
  2330 | D:3      | 2330 ||| UPGRADING to ring of resist corrosion.
  2331 | D:3      | 2331 ||| DROPPING ring of ice.
  2332 | D:3      | 2332 ||| UPGRADING to +6 ring of dexterity.
  2334 | D:3      | 2334 ||| UPGRADING to +4 ring of slaying {mikee}.
  2336 | D:3      | 2336 ||| DROPPING ring of resist corrosion.
  2337 | D:3      | 2337 ||| READING scroll labelled ZOCUAMOFFU.
  2338 | D:3      | 2338 ||| READING scroll labelled TAXTEGG SITUR.
  2339 | D:3      | 2339 ||| DRINKING 3 murky grey potions.
  2524 | D:4      | Noticed Sigmund
  2532 | D:4      | Killed Sigmund
  2533 | D:4      | Reached skill level 3 in Dodging
  2533 | D:4      | Reached XP level 6. HP: 32/37 MP: 6/6
  2574 | D:4      | Noticed Ijyb
  2582 | D:4      | Killed Ijyb
  2675 | D:4      | Found a broken altar of Ashenzari.
  3219 | D:4      | 3219 ||| UPGRADING to +0 ring mail.
  3229 | D:4      | 3229 ||| DROPPING +0 leather armour.
  3230 | D:4      | 3230 ||| UPGRADING to +0 pair of boots.
  3235 | D:4      | 3235 ||| DROPPING ring of positive energy.
  3236 | D:4      | 3236 ||| READING scroll labelled YSKONK NAWNOGER.
  3237 | D:4      | 3237 ||| DRINKING 2 green potions.
  3238 | D:4      | 3238 ||| READING 2 scrolls of identify.
  3238 | D:4      | 3238 ||| IDENTIFYING fizzy green potion
  3239 | D:4      | 3239 ||| DROPPING potion of degeneration.
  3309 | D:5      | Entered Level 5 of the Dungeon
  3400 | D:5      | Reached XP level 7. HP: 43/43 MP: 7/7
  3410 | D:5      | Identified the ring of the Death Scarab {Ice Str+3 Int+2}
  3490 | D:5      | Found a sparkling altar of Nemelex Xobeh.
  3665 | D:5      | Noticed Menkaure
  3668 | D:5      | 3668 ||| Stepping ~*~*~tactically~*~*~ (outnumbered).
  3672 | D:5      | Killed Menkaure
  3678 | D:5      | Reached skill level 7 in Ranged Weapons
  3726 | D:5      | Found a shadowy altar of Dithmenos.
  3738 | D:5      | Found a bloodstained altar of Trog.
  3857 | D:5      | Found a blossoming altar of Fedhas.
  3863 | D:5      | HP: 7/43 [centaur/arrow (7)]
  3864 | D:5      | 3864 ||| READING 4 scrolls of teleportation.
  4187 | D:5      | 4187 ||| DROPPING ring of the Death Scarab {Ice Str+3
                  | Int+2}.
  4202 | D:6      | 4202 ||| PLANNING SEWER
  4215 | D:6      | Found a runed translucent door.
  4238 | D:6      | 4238 ||| Stepping ~*~*~tactically~*~*~ (outnumbered).
  4240 | D:6      | 4240 ||| RETREATING.
  4242 | D:6      | 4242 ||| Stepping ~*~*~tactically~*~*~ (retreating).
  4257 | D:6      | Killed from afar by an orc priest

Levels and vault maps discovered:
D:1:      dpeg_arrival_rooms_c, layout_basic
D:2:      layout_loops_ring
D:3:      layout_loops_corners, shapermc_ecumenical_altar_ellora
D:4:      layout_loops_ring, nicolae_ashenzari_panopticon,
          dreamdust_princess_bridge, feat_on_display, uniq_sigmund, uniq_ijyb
D:5:      layout_basic, nemelex_xobeh_ov_fountains_minmay,
          trog_three_pillars_becter, old_standard_altar,
          fedhas_bush_and_centaur_altar, uniq_menkaure
D:6:      layout_rooms, grunt_temple_overflow_lords_of_destruction,
          minmay_temple_entry_offerings, ebering_ghost_inner_flame,
          enter_ossuary_4, portal_sewer_entry_a, chequers_serial_rivers_marsh,
          dk_rats_in_the_wall, uniq_eustachio, uniq_grinder

Skill      XL: |  1  2  3  4  5  6  7 |
---------------+----------------------+-----
Ranged Weapons | 5 6 7 |  7.6
Fighting       | 3 4 |  4.1
Dodging        | 3 |  3.4
Armour         | 2 |  2.3
Stealth        | |  1.1

Action                     |  1- 3 |  4- 6 |  7- 9 || total
---------------------------+-------+-------+-------++-------
   Fire: Shortbow          |   108 |   119 |    67 ||   294
    Use: Scroll            |       |     6 |     1 ||     7
         Potion            |       |     2 |       ||     2
 Armour: Leather armour    |    19 |     4 |       ||    23
         Ring mail         |       |     1 |    10 ||    11
  Dodge: Dodged            |    24 |    22 |    16 ||    62

Table legend:
 A = Non-vault XP
 B = Vault XP
 C = Vault XP percentage of total XP
 D = Non-vault monster count
 E = Vault monster count
 F = Vault count percentage of total count
                 A         B        C        D         E       F
            +---------+---------+-------+---------+---------+-------
      Total |     667 |     525 |  44.0 |      94 |       4 |   4.1
            +---------+---------+-------+---------+---------+-------
        D:1 |      59 |       0 |   0.0 |      31 |       0 |   0.0
        D:2 |      87 |       0 |   0.0 |      14 |       0 |   0.0
        D:3 |      59 |       0 |   0.0 |      17 |       0 |   0.0
        D:4 |      94 |     250 |  72.7 |      15 |       2 |  11.8
        D:5 |     289 |     275 |  48.8 |      15 |       2 |  11.8
        D:6 |      79 |       0 |   0.0 |       2 |       0 |   0.0
            +---------+---------+-------+---------+---------+-------
